 Dungeon Crawl Stone Soup version 0.20-a0-535-gc09f9e6 (webtiles) character file.

65 reezer the Cudgeler (level 3, 0/36 HPs)
             Began as a Troll Berserker on Jan 27, 2017.
             Was a Believer of Trog.
             Slain by a goblin
             ... wielding a +0 club
             ... led by Robin
              (2 damage)
             ... on level 2 of the Dungeon.
             The game lasted 00:11:34 (716 turns).

reezer the Cudgeler (Troll Berserker)                Turns: 716, Time: 00:11:40

Health: 0/36       AC:  5    Str: 26    XL:     3   Next: 92%
Magic:  2/2        EV: 10    Int:  3    God:    Trog [**....]
Gold:   65         SH:  0    Dex:  9    Spells: 2/2 levels left

rFire    . . .     SeeInvis .   a - +0 mace
rCold    . . .     Gourm    +   b - +0 animal skin
rNeg     . . .     Faith    .   (no shield)
rPois    .         Spirit   .   (helmet restricted)
rElec    .         Reflect  .   (no cloak)
rCorr    .         Harm     .   (gloves unavailable)
MR       ++...                  (boots unavailable)
Stlth    +.........             (no amulet)
Regen    1.6/turn               (no ring)
                                (no ring)

@: exhausted, regenerating, slowed, very slow
A: unfitting armour, claws 3, fast metabolism 3, gourmand, regeneration 1,
shaggy fur 1, tough skin 2
a: Berserk, Trog's Hand, Burn Spellbooks, Renounce Religion


You were on level 2 of the Dungeon.
You worshipped Trog.
Trog was pleased with you.
You were full.

You visited 1 branch of the dungeon, and saw 2 of its levels.

You collected 65 gold pieces.

Inventory:

Hand Weapons
 a - a +0 mace (weapon)
 g - a +0 club
 h - a +0 dagger of holy wrath
 m - a +0 club
 n - a +0 club
 t - a +1 long sword of slicing
 v - a cursed +0 dagger
 y - a +0 dagger
 z - a +0 spear
 A - a +0 mace
 F - a +0 club
Missiles
 j - 28 arrows
 o - 50 stones (quivered)
 s - 13 bolts
Armour
 b - a +0 animal skin (worn)
 w - a +0 ring mail
 B - a +0 scale mail
 C - a +0 plate armour
 E - a +0 ring mail
Jewellery
 D - a cursed amulet of inaccuracy {unknown}
Scrolls
 i - a scroll of enchant armour {unknown}
 r - a scroll of recharging {unknown}
 x - 3 scrolls of identify {unknown}
Potions
 d - 2 potions of agility
 e - a potion of lignification {unknown}
 f - a potion of cure mutation {unknown}
 q - a potion of heal wounds {unknown}
 u - a potion of ambrosia {unknown}
Comestibles
 c - 3 bread rations
 k - a royal jelly
 l - 5 chunks of flesh
 p - 3 meat rations


   Skills:
 + Level 2.9 Fighting
 + Level 3.2 Maces & Flails
 + Level 3.2 Dodging
 + Level 0.1 Stealth


You had 2 spell levels left.
You didn't know any spells.

Dungeon Overview and Level Annotations

Branches:
Dungeon (2/15)

Altars:

Annotations:
D:2 Robin


Innate Abilities, Weirdness & Mutations

You are too large for most types of armour.
You have claws for hands.
Your metabolism is lightning-fast.
You like to eat raw meat.
Your natural rate of healing is unusually fast.
You are covered in fur. (AC +1)
You have very tough skin. (AC +2)


Message History

The goblin hits you but does no damage. The goblin barely misses you.
Robin roars a battlecry!
The goblins go into a battle-frenzy!
The goblin closely misses you. The goblin hits you but does no damage.
You thump the goblin!
You kill the goblin!
Trog accepts your kill. The goblin closely misses you.
The goblin hits you but does no damage. The goblin hits you with a club.
The hobgoblin hits you with a club.
You barely miss the hobgoblin. The goblin hits you with a club.
The goblin closely misses you. The hobgoblin hits you with a club!
* * * LOW HITPOINT WARNING * * *
The goblin barely misses you. x2; The hobgoblin closely misses you.
You hit the goblin.
You kill the goblin!
Trog accepts your kill. Robin throws the goblin at you!
* * * LOW HITPOINT WARNING * * *
The goblin hits you with a club.
You die...

###.###...#
#..#
#.##..#.#
#.## .
#.#..##...#
#.# .##.#.#
###.# #.#
.#....
#.###.#
....##
#.....# ..#.#
###...# ..#
#..g###
##.)@g#
#..#†g......
#...###......
#.... ......
.....# ..$..
###.#.# .....
#.#.# ....
#.#. ....


You could see Robin, a hobgoblin and a goblin.

Vanquished Creatures
  An adder (D:2)
  2 oozes
  2 dart slugs
  A leopard gecko (D:2)
  3 bats (D:1)
  11 goblins (D:2)
  5 hobgoblins
  7 jackals
  A kobold (D:2)
  3 rats
36 creatures vanquished.

Notes
Turn   | Place    | Note
-------+----------+-------------------------------------------
     0 | D:1      | reezer the Troll Berserker began the quest for the Orb.
     0 | D:1      | Reached XP level 1. HP: 22/22 MP: 0/0
   217 | D:1      | Reached XP level 2. HP: 20/29 MP: 1/1
   506 | D:2      | Reached XP level 3. HP: 36/36 MP: 2/2
   549 | D:2      | Reached ** piety under Trog
   691 | D:2      | Noticed Robin
   716 | D:2      | Slain by a goblin

Vault maps used:
D:1:      dpeg_arrival_oval
D:2:      first_bread, uniq_robin

Skill      XL: |  1  2  3 |
---------------+----------+-----
Dodging        | 3 |  3.2
Maces & Flails | 3 |  3.2
Fighting       | |  2.9
Stealth        | |  0.1

Action                   || total
-------------------------++-------
Melee: Mace              ||    82
Invok: Berserk           ||     5
       Trog's Hand       ||     1
  Eat: Bread ration      ||     1
       Chunk             ||    10
Armor: Animal skin       ||    43
Dodge: Dodged            ||    62
